AoeStats
← Malelf

Arena

509386936Analyzed
1v1 RM · 4d ago on Sep 26, 2026· 51m 44s· 2 players
Game mode
Random Map
Map size
Tiny (2 player)
Population
200
Speed
Normal
Resources
Standard
Victory
Conquest
Starting age
Dark Age
Ending age
Imperial Age
RankedLock teamsTeams togetherTeam positionsShared explorationLock speedFull tech treeHidden civsTurbo modeCheats
Victory
Defeat
🇨🇳 Danes · China
1796
+13
🇮🇹 Burgundians · Italy
1727
-13
Malelf
4:58 Double-Bit Axe
6:49 Horse Collar
10:53 Feudal Age
15:11 Castle Age
14:09 Bow Saw
19:21 Gold Mining
19:24 Loom
22:24 Gold Shaft Mining
25:05 Imperial Age
23:19 Heavy Plow
24:43 Wheelbarrow
26:51 Chemistry
29:30 Padded Archer Armor
30:39 Leather Archer Armor
31:04 Town Watch
34:09 Elite Skirmisher
34:49 Fletching
35:34 Bodkin Arrow
36:24 Ballistics
37:26 Bracer
39:42 Two-Man Saw
38:53 Scale Barding Armor
38:59 Forging
41:08 Chain Barding Armor
41:24 Iron Casting
42:07 Cavalier
42:48 Husbandry
43:35 Plate Barding Armor
43:58 Crop Rotation
43:43 Masonry
44:53 Blast Furnace
45:18 Conscription
44:30 Paladin
45:59 Guilds
47:17 Architecture
48:00 Burgundian Vineyards
48:30 Hoardings
48:17 Hand Cart
48:18 Stone Mining
BiliBili风间
10:35 Feudal Age
11:46 Double-Bit Axe
14:14 Castle Age
12:18 Horse Collar
18:17 Town Watch
19:39 Arson
21:33 Gold Mining
26:10 Imperial Age
24:46 Squires
24:47 Scale Mail Armor
24:57 Forging
27:04 Fletching
27:14 Padded Archer Armor
27:47 Bow Saw
28:26 Wheelbarrow
29:02 Loom
29:19 Bodkin Arrow
30:26 Chemistry
29:14 Cranequins
30:27 Bracer
31:43 Bloodlines
31:58 Leather Archer Armor
32:33 Husbandry
33:12 Ballistics
34:16 Hand Cart
33:46 Loom
39:00 Thumb Ring
40:47 Ring Archer Armor
40:32 Chain Mail Armor
40:52 Iron Casting
41:12 Gold Shaft Mining
40:27 Stone Mining
40:43 Heavy Plow
41:40 Stone Mining
42:32 Conscription
43:05 Plate Mail Armor
42:08 Capped Ram
44:26 Siege Ram
46:46 Heavy Mounted Crossbowman
47:33 Elite Jomsviking
49:54 Blast Furnace
51:41 Hamask
Connection lost

Rejoining the realm…

Still unreachable

The connection could not be restored.

Session expired

The server has moved on; the page needs a fresh start.